 Dungeon Crawl Stone Soup version 0.30.1-9-gdf580d7c3d (webtiles) character file.

Game seed: 338789952139221807

296 SuperSeabass the Sneak (level 6, -3/32 HPs)
             Began as a Vine Stalker Hexslinger on Oct 17, 2023.
             Was an Initiate of Yredelemnul.
             Slain by Edmund
             ... wielding a +1 flail of protection
              (4 damage)
             ... on level 4 of the Dungeon.
             The game lasted 00:17:24 (2742 turns).

SuperSeabass the Sneak (Vine Stalker Hexslinger)    Turns: 2742, Time: 00:17:25

Health: -3/32      AC:  4    Str: 13    XL:     6   Next: 35%
Magic:  0/8        EV: 12    Int: 13    God:    Yredelemnul [......]
Gold:   181        SH:  0    Dex: 16    Spells: 6/7 levels left

rFire   . . .        b - +0 dagger (venom)
rCold   . . .        (no shield)
rNeg    . . .        c - +0 robe
rPois   .            q - +0 helmet
rElec   .            (no cloak)
rCorr   .            x - +0 pair of gloves
SInv    .            (no boots)
Will    .....        (no amulet)
Stlth   ++           (no ring)
HPRegen 1.05/turn    (no ring)
MPRegen 0.11/turn

%: guardian spirit
@: about to teleport
A: fangs 2, regeneration 1, magic shield, antimagic bite, no potion heal 2
a: Renounce Religion, Recall Undead Harvest


You were on level 4 of the Dungeon.
You worshipped Yredelemnul.
Yredelemnul was noncommittal.
You visited 1 branch of the dungeon, and saw 4 of its levels.

You collected 181 gold pieces.

Inventory:

Hand Weapons
 a - a +1 sling
 b - a +0 dagger of venom (weapon)
 k - a +1 mace of holy wrath
Missiles
 g - 5 stones
 y - 3 poisoned darts
Armour
 c - a +0 robe (worn)
 m - a +0 ring mail
 q - a +0 helmet (worn)
 v - a +0 leather armour
 x - a +0 pair of gloves (worn)
Scrolls
 d - 3 scrolls of poison
 e - 2 scrolls of immolation
 f - a scroll of magic mapping
 l - 2 scrolls of fog
 n - 2 scrolls of vulnerability
 o - 2 scrolls of teleportation
 r - a scroll of noise {unknown}
 t - a scroll of enchant weapon {unknown}
 w - a scroll of fear {unknown}
Potions
 h - 3 potions of mutation
 i - a potion of attraction
 j - a potion of cancellation
 p - 4 potions of curing
 s - a potion of flight {unknown}
 u - a potion of brilliance {unknown}
 z - 2 potions of berserk rage {unknown}


   Skills:
 + Level 2.6 Fighting
 * Level 2.8 Short Blades
 - Level 2.5 Ranged Weapons
 - Level 1.5 Dodging
 + Level 3.4 Stealth
 - Level 1.1 Spellcasting
 - Level 3.0 Hexes
 + Level 2.0 Invocations


You had 6 spell levels left.
You knew the following spells:

 Your Spells              Type           Power      Damage    Failure   Level
a - Slow                  Hex            32%        N/A       9%          1

Your spell library contained the following spells:

 Spells                   Type           Power      Damage    Failure   Level
 Necrotise                Necr           0%         1d4       28%         1
 Inner Flame              Hex/Fire       4%         N/A       41%         3
 Portal Projectile        Hex/Tloc       8%         N/A       41%         3
 Vampiric Draining        Necr           0%         2d6       63%         3
 Cause Fear               Hex            4%         N/A       63%         4
 Agony                    Necr           0%         N/A       100%        5


Dungeon Overview and Level Annotations

Branches:
Dungeon (4/15)
 Temple: D:4-7

Altars:
Dithmenos
Okawaru
Yredelemnul

Annotations:
D:4 Edmund


Innate Abilities, Weirdness & Mutations

You have extremely sharp teeth.
Your natural rate of healing is unusually fast.
When hurt, damage is shared between your health and your magic reserves.
Your bite disrupts and absorbs the magic of your enemies.
Potions cannot restore your health.


Message History

Edmund is heavily wounded.
Edmund hits you with a +1 flail of protection!
* * * LOW HITPOINT WARNING * * *
Your orc zombie hits Edmund but does no damage.
Your orc zombie closely misses Edmund.
You barely miss Edmund.
Edmund is severely wounded.
Edmund completely misses you.
Your orc zombie closely misses Edmund.
Your orc zombie hits Edmund but does no damage.
You closely miss Edmund. You bite Edmund, but do no damage.
Edmund is severely wounded.
Edmund barely misses you.
Your orc zombie hits Edmund but does no damage.
You hit Edmund but do no damage.
Edmund looks as sick as possible!
Edmund is severely wounded.
Your orc zombie hits Edmund but does no damage.
Edmund hits you with a +1 flail of protection!
* * * LOW HITPOINT WARNING * * *
Okay, then.
Unknown command.
Okay, then.
Unknown command.
Okay, then.
Unknown command.
Edmund attacks as you move away! Edmund closely misses you.
Your orc zombie hits Edmund but does no damage.
Edmund gestures with his flail.
You aren't carrying any items that you can evoke.
Unknown command.
Okay, then.
Unknown command.
As you read the scroll of teleportation, it crumbles to dust.
You feel strangely unstable.
Edmund hits you with a +1 flail of protection!
* * * LOW MAGIC WARNING * * *;
* * * LOW HITPOINT WARNING * * *
Your orc zombie closely misses Edmund.
Edmund attacks as you move away!
Edmund hits you with a +1 flail of protection.
You die...
Your body rises from the dead as a mindless zombie.

................###......#.
.........#........#..##....
........##..........######.
................###. ##
$......Z..#.....# # ..#####
...>....###.....## ....#...
.##.....###......##.......#
#......Z.#.....###.....###
##>....Z@@..........#.....
#......................##
......#..........##......#
#.#....#..###.....##.......
##..##...## ##.............
... ...## ##..##...##... ..
..# ##......#ZZZ. ..#
##.........# ##.#.Z....#


You could see Edmund (extremely poisoned, ally target) and 2 friendly orc
zombies.

Vanquished Creatures
  A hound (D:4)
  An orc priest (D:3)
  An iguana (D:4)
  2 orc wizards
  Natasha (twice) (D:3)
  3 worms
  A dart slug (D:1)
  8 orcs
  6 bats
  9 endoplasms
  2 giant cockroaches
  11 hobgoblins
  4 jackals (D:2)
  4 quokkas
  6 ball pythons
  3 frilled lizards
  4 goblins
  7 kobolds
  5 rats
80 creatures vanquished.

Vanquished Creatures (collateral kills)
  An adder (D:4)
  An orc (D:3)
  A hobgoblin (D:3)
  A ball python (D:3)
  A frilled lizard (D:3)
5 creatures vanquished.

Vanquished Creatures (others)
  A felid zombie (D:3)
  3 orc zombies
  A worm zombie (D:3)
  An adder zombie (D:4)
  An endoplasm zombie (D:4)
  2 frilled lizard zombies (D:3)
  3 hobgoblin zombies
  A jackal zombie (D:2)
  A kobold zombie (D:4)
  A rat zombie (D:3)
15 creatures vanquished.

Grand Total: 100 creatures vanquished

Notes
Turn   | Place    | Note
-------+----------+-------------------------------------------
     0 | D:1      | SuperSeabass the Vine Stalker Hexslinger began the quest
                  | for the Orb.
     0 | D:1      | Reached XP level 1. HP: 9/9 MP: 3/3
    61 | D:1      | Reached skill level 1 in Fighting
   203 | D:1      | Reached XP level 2. HP: 14/14 MP: 4/4
   344 | D:1      | Reached skill level 1 in Stealth
   555 | D:1      | Reached XP level 3. HP: 18/18 MP: 5/5
   755 | D:2      | Found a basalt altar of Yredelemnul.
   815 | D:2      | Found a faded altar of an unknown god.
   841 | D:2      | Became a worshipper of Yredelemnul the Dark
  1239 | D:2      | Reached * piety under Yredelemnul
  1530 | D:3      | Reached skill level 1 in Short Blades
  1530 | D:3      | Gained mutation: Your natural rate of healing is unusually
                  | fast. [Vine Stalker growth]
  1530 | D:3      | Reached XP level 4. HP: 23/23 MP: 6/6
  1590 | D:3      | Found a shadowy altar of Dithmenos.
  1600 | D:3      | Found the +5 Force Lance {heavy, knockback}
  1710 | D:3      | Noticed Natasha
  1722 | D:3      | Killed Natasha
  1793 | D:3      | Noticed Natasha
  1805 | D:3      | Killed Natasha
  1806 | D:3      | Reached skill level 1 in Invocations
  1806 | D:3      | Reached XP level 5. HP: 26/26 MP: 7/7
  1966 | D:3      | Your ally Natasha died
  2475 | D:4      | Found an iron altar of Okawaru.
  2579 | D:4      | Reached XP level 6. HP: 20/32 MP: 5/8
  2705 | D:4      | Noticed Edmund
  2741 | D:4      | HP: 1/32 [Edmund/+1 flail of protection (6)]
  2742 | D:4      | Slain by Edmund

Illustrated notes

Levels and vault maps discovered:
D:1:      evilmike_arrival_fibonacci_small, layout_loops_ring,
          minmay_tetromino_l2
D:2:      layout_basic, basic_altar, hellmonk_ecumenical_altar_blasted
D:3:      layout_basic, grunt_dithmenos_smoke, uniq_natasha
D:4:      layout_cave_pools, mainiacjoe_overflow_alcove_2,
          nemelex_spade_bored_becter, uniq_edmund

Skill      XL: |  1  2  3  4  5  6 |
---------------+-------------------+-----
Fighting       | 1 2 |  2.6
Ranged Weapons | 2 |  2.5
Stealth        | 1 2 3 |  3.4
Short Blades   | 1 2 |  2.8
Invocations    | 1 2 |  2.0
Dodging        | |  1.5
Spellcasting   | |  1.1
Hexes          | |  3.0

Action                     |  1- 3 |  4- 6 || total
---------------------------+-------+-------++-------
  Melee: Dagger            |    37 |   126 ||   163
         Bite              |    10 |    32 ||    42
         Punch             |       |     3 ||     3
   Fire: Sling             |   105 |    30 ||   135
    Use: Scroll            |     9 |     1 ||    10
   Stab: Sleeping          |       |     1 ||     1
 Armour: Robe              |    12 |    16 ||    28
  Dodge: Dodged            |    36 |    63 ||    99
